HSSL
NEWPORT NEWS HS PAINTS @ DUBLIN JEROME HS CELTICS
04/08/2029
 
TOP OF THE 1ST
Newport News HS Paints batting - Pitching for Dublin Jerome HS Celtics : RHP Frédéryk Santerre
Pitching: RHP Frédéryk Santerre
Batting: RHB John Graham 0-0: Called Strike
0-1: Ball
1-1: Foul Ball, location: 2F
1-2: Foul Ball, location: 2F
1-2: Ball
2-2: Fly out, F6 (Popup, 6MS)
Batting: RHB Pete Clark 0-0: Ball
1-0: Ball
2-0: Called Strike
2-1: Swinging Strike
2-2: Foul Ball, location: 2F
2-2: Foul Ball, location: 2F
2-2: Foul Ball, location: 2F
2-2: Foul Ball, location: 2F
2-2: Ball
3-2: Ground out 5-3 (Groundball, 56)
Batting: RHB Steve Cooper 0-0: Swinging Strike
0-1: Ball
1-1: Ball
2-1: Fly out, F8 (Flyball, 8RM)
Top of the 1st over - 0 runs, 0 hits, 0 errors, 0 left on base; Newport News HS 0 - Dublin Jerome HS 0
BOTTOM OF THE 1ST
Dublin Jerome HS Celtics batting - Pitching for Newport News HS Paints : RHP Gerald Jones
Pitching: RHP Gerald Jones
Batting: RHB Ben Griffin 0-0: Ball
1-0: Ball
2-0: Ground out 4-3 (Groundball, 4)
Batting: SHB Peter Young 0-0: Foul Ball, location: 2F
0-1: Foul Ball, location: 2F
0-2: Ball
1-2: Ball
2-2: Fly out, F7 (Flyball, 78S)
Batting: LHB David O'Neal 0-0: Ball
1-0: Called Strike
1-1: Swinging Strike
1-2: Foul Ball, location: 2F
1-2: Foul Ball, location: 2F
1-2: Fly out, F5 (Popup, 5F)
Bottom of the 1st over - 0 runs, 0 hits, 0 errors, 0 left on base; Newport News HS 0 - Dublin Jerome HS 0
TOP OF THE 2ND
Newport News HS Paints batting - Pitching for Dublin Jerome HS Celtics : RHP Frédéryk Santerre
Batting: SHB Carlos Matos 0-0: Ball
1-0: Ball
2-0: Ball
3-0: Base on Balls
Batting: LHB Juan Ángel 0-0: Called Strike
0-1: Ground out 4-3 (Groundball, 34)
Carlos Matos to second
Batting: RHB James Calderón 0-0: SINGLE (Flyball, 8RS)
Carlos Matos to third
Batting: RHB Lee Boswell 0-0: Ball
1-0: Ground out 5-3 (Groundball, 5S)
Carlos Matos scores
James Calderón to second
Batting: SHB Francisco Reyes 0-0: Called Strike
0-1: SINGLE (Groundball, 4MS) (infield hit)
James Calderón to third
Batting: RHB Jorge Paredes 0-0: Ball
1-0: Ball
2-0: Fly out, F7 (Line Drive, 7)
Top of the 2nd over - 1 run, 2 hits, 0 errors, 2 left on base; Newport News HS 1 - Dublin Jerome HS 0
BOTTOM OF THE 2ND
Dublin Jerome HS Celtics batting - Pitching for Newport News HS Paints : RHP Gerald Jones
Batting: RHB Bill Becker 0-0: Called Strike
0-1: SINGLE (Line Drive, 34D)
Batting: LHB Christian Maddox 0-0: Ball
Bill Becker steals 2nd base
1-0: Ball
Bill Becker steals 3rd base
2-0: Swinging Strike
2-1: Ball
3-1: Base on Balls
Batting: RHB Ed Albert 0-0: Foul Ball, location: 2F
0-1: Foul Ball, location: 2F
0-2: Strikes out swinging
Batting: SHB Wilson Cantú 0-0: Ball
1-0: Ball
2-0: Ball
3-0: Called Strike
3-1: Reached on error, E4 (Groundball, 4)
Bill Becker scores
Christian Maddox to second
Batting: LHB Fred Anderson 0-0: DOUBLE (Groundball, 3L)
Christian Maddox scores
Wilson Cantú to third
Runner from 3rd tries for Home, SAFE, no throw
Batting: RHB Michael Irvin 0-0: Called Strike
0-1: Swinging Strike
0-2: Ball
1-2: Ball
2-2: Strikes out swinging
Batting: RHB Ben Griffin 0-0: Swinging Strike
0-1: Called Strike
0-2: Ball
1-2: Ball
2-2: Strikes out swinging, 2-3 out at first.
Bottom of the 2nd over - 3 runs, 2 hits, 1 error, 1 left on base; Newport News HS 1 - Dublin Jerome HS 3
TOP OF THE 3RD
Newport News HS Paints batting - Pitching for Dublin Jerome HS Celtics : RHP Frédéryk Santerre
Batting: RHB John Graham 0-0: Swinging Strike
0-1: Foul Ball, location: 2F
0-2: Ball
1-2: Ground out 6-3 (Groundball, 6MS)
Batting: RHB Pete Clark 0-0: Ball
1-0: Ball
2-0: Called Strike
2-1: Foul Ball, location: 2F
2-2: Strikes out looking
Batting: RHB Steve Cooper 0-0: Ball
1-0: Ball
2-0: Ball
3-0: Base on Balls
Batting: SHB Carlos Matos 0-0: DOUBLE (Groundball, 3L)
Steve Cooper to third
Runner from 3rd tries for Home, SAFE, no throw
Batting: LHB Juan Ángel 0-0: Ground out 6-3 (Groundball, 56)
Top of the 3rd over - 1 run, 1 hit, 0 errors, 1 left on base; Newport News HS 2 - Dublin Jerome HS 3
BOTTOM OF THE 3RD
Dublin Jerome HS Celtics batting - Pitching for Newport News HS Paints : RHP Gerald Jones
Batting: SHB Peter Young 0-0: SINGLE (Line Drive, 6)
Batting: LHB David O'Neal 0-0: Ball
1-0: Foul Ball, location: 2F
1-1: Ball
2-1: Ball
3-1: Base on Balls
Peter Young to second
Batting: RHB Bill Becker 0-0: Ball
1-0: Called Strike
1-1: SINGLE (Line Drive, 4M)
Peter Young to third
David O'Neal to second
Batting: LHB Christian Maddox 0-0: Called Strike
0-1: Ball
1-1: Foul Ball, location: 2F
1-2: Strikes out looking
Batting: RHB Ed Albert 0-0: Ball
1-0: SINGLE (Line Drive, 4MD)
Peter Young scores
David O'Neal to third
Bill Becker to second
Batting: SHB Wilson Cantú 0-0: Ball
1-0: Ball
2-0: Called Strike
2-1: Fly out, F7 (Flyball, 7LM)
Runner from 3rd tags up, SCORES, no throw
Batting: LHB Fred Anderson 0-0: Ball
Wild Pitch!
Bill Becker to third
Ed Albert to second
1-0: Called Strike
1-1: Fly out, F5 (Line Drive, 56)
Bottom of the 3rd over - 2 runs, 3 hits, 0 errors, 2 left on base; Newport News HS 2 - Dublin Jerome HS 5
TOP OF THE 4TH
Newport News HS Paints batting - Pitching for Dublin Jerome HS Celtics : RHP Frédéryk Santerre
Batting: RHB James Calderón 0-0: Ball
1-0: Ball
2-0: Called Strike
2-1: Foul Ball, location: 2F
2-2: Ball
3-2: Ground out 4-3 (Groundball, 4)
Batting: RHB Lee Boswell 0-0: Called Strike
0-1: Called Strike
0-2: SOLO HOME RUN (Flyball, 7LD), Distance : 367 ft
Batting: SHB Francisco Reyes 0-0: Called Strike
0-1: Ball
1-1: Ball
2-1: Ball
3-1: Foul Ball, location: 2F
3-2: Base on Balls
Batting: RHB Jorge Paredes 0-0: Ball
1-0: Called Strike
1-1: Called Strike
1-2: Ball
2-2: Strikes out swinging
Batting: RHB John Graham 0-0: Ball
1-0: Ball
2-0: Ball
3-0: Called Strike
3-1: Called Strike
3-2: Ground out 5-3 (Groundball, 56)
Top of the 4th over - 1 run, 1 hit, 0 errors, 1 left on base; Newport News HS 3 - Dublin Jerome HS 5
BOTTOM OF THE 4TH
Dublin Jerome HS Celtics batting - Pitching for Newport News HS Paints : RHP Gerald Jones
Batting: RHB Michael Irvin 0-0: Swinging Strike
0-1: Swinging Strike
0-2: Foul Ball, location: 2F
0-2: Ball
1-2: Strikes out swinging
Batting: RHB Ben Griffin 0-0: Ball
1-0: Foul Ball, location: 2F
1-1: Ball
2-1: SINGLE (Groundball, 3S) (infield hit)
Batting: SHB Peter Young 0-0: Ball
1-0: Ball
2-0: Called Strike
2-1: Ball
Ben Griffin steals 2nd base
3-1: SINGLE (Line Drive, 78S)
Ben Griffin to third
Runner from 3rd tries for Home, SAFE, throw made home
Peter Young to second
Pitching: RHP David Alomar
Batting: LHB David O'Neal 0-0: Called Strike
0-1: Ball
1-1: Ball
2-1: Foul Ball, location: 2F
2-2: Strikes out looking
Batting: RHB Bill Becker 0-0: Ball
1-0: Ball
2-0: Ball
3-0: Base on Balls
Batting: LHB Christian Maddox 0-0: Ball
1-0: Ball
2-0: Ball
3-0: Called Strike
3-1: Swinging Strike
3-2: Foul Ball, location: 2F
3-2: Foul Ball, location: 2F
3-2: Foul Ball, location: 2F
3-2: Base on Balls
Peter Young to third
Bill Becker to second
Batting: RHB Ed Albert 0-0: Ball
1-0: Ball
2-0: Ball
3-0: Called Strike
3-1: Called Strike
3-2: Foul Ball, location: 2F
3-2: Base on Balls
Peter Young scores
Bill Becker to third
Christian Maddox to second
Batting: SHB Wilson Cantú 0-0: Ball
1-0: Hit by Pitch
Bill Becker scores
Christian Maddox to third
Ed Albert to second
Batting: LHB Fred Anderson 0-0: SINGLE (Groundball, 4D)
Christian Maddox scores
Ed Albert to third
Wilson Cantú to second
Runner from 3rd tries for Home, SAFE, throw made home
Batting: RHB Michael Irvin 0-0: DOUBLE (Line Drive, 89D)
Wilson Cantú scores
Fred Anderson to third
Runner from 3rd tries for Home, SAFE, no throw
Batting: RHB Ben Griffin 0-0: Swinging Strike
0-1: Ball
1-1: Called Strike
1-2: Ball
2-2: Foul Ball, location: 2F
2-2: Ball
3-2: Ground out 5-3 (Groundball, 5L)
Bottom of the 4th over - 7 runs, 4 hits, 0 errors, 1 left on base; Newport News HS 3 - Dublin Jerome HS 12
TOP OF THE 5TH
Newport News HS Paints batting - Pitching for Dublin Jerome HS Celtics : RHP Frédéryk Santerre
Batting: RHB Pete Clark 0-0: Ball
1-0: SOLO HOME RUN (Flyball, 7D), Distance : 397 ft
Batting: RHB Steve Cooper 0-0: Called Strike
0-1: Swinging Strike
0-2: Foul Ball, location: 2F
0-2: Ball
1-2: Strikes out swinging
Pitching: RHP Bill Howard
Batting: SHB Carlos Matos 0-0: Ball
1-0: Called Strike
1-1: Swinging Strike
1-2: Fly out, F9 (Flyball, 89D)
Batting: LHB Juan Ángel 0-0: Ball
1-0: SINGLE (Groundball, 6MD)
Batting: RHB James Calderón 0-0: Foul Ball, location: 2F
0-1: Foul Ball, location: 2F
0-2: Ball
1-2: Foul Ball, location: 2F
1-2: 2-RUN HOME RUN (Flyball, 78XD), Distance : 428 ft
Batting: RHB Lee Boswell 0-0: Ball
1-0: Ground out 4-3 (Groundball, 4)
Top of the 5th over - 3 runs, 3 hits, 0 errors, 0 left on base; Newport News HS 6 - Dublin Jerome HS 12
BOTTOM OF THE 5TH
Dublin Jerome HS Celtics batting - Pitching for Newport News HS Paints : RHP David Alomar
Pitching: RHP Juan Gabriel
Batting: SHB Peter Young 0-0: Ball
1-0: Ball
2-0: Ball
3-0: Base on Balls
Batting: LHB David O'Neal 0-0: Ball
1-0: Foul Ball, location: 2F
1-1: Ball
2-1: Ball
3-1: Base on Balls
Peter Young to second
Batting: RHB Bill Becker 0-0: Fielders Choice at 2nd, 6-4 (Groundball, 6)
Peter Young to third
Batting: LHB Christian Maddox 0-0: Ball
1-0: Ball
2-0: Called Strike
2-1: Ball
3-1: Foul Ball, location: 2F
3-2: Fly out, F8 (Flyball, 8RM)
Batting: RHB Ed Albert 0-0: Ball
1-0: Ground out 5-3 (Groundball, 56)
Bottom of the 5th over - 0 runs, 0 hits, 0 errors, 2 left on base; Newport News HS 6 - Dublin Jerome HS 12
TOP OF THE 6TH
Newport News HS Paints batting - Pitching for Dublin Jerome HS Celtics : RHP Bill Howard
Batting: SHB Francisco Reyes 0-0: Ball
1-0: Foul Ball, location: 2F
1-1: Foul Ball, location: 2F
1-2: Strikes out swinging
Batting: RHB Jorge Paredes 0-0: SINGLE (Flyball, 7S)
Batting: RHB John Graham 0-0: Called Strike
0-1: Called Strike
0-2: Foul Ball, location: 2F
0-2: Ground out U3 (Groundball, 34S)
Jorge Paredes to second
Batting: RHB Pete Clark 0-0: Ball
Passed Ball!
Jorge Paredes to third
1-0: Foul Ball, location: 2F
1-1: Foul Ball, location: 2F
1-2: Fly out, F8 (Flyball, 89D)
Top of the 6th over - 0 runs, 1 hit, 0 errors, 1 left on base; Newport News HS 6 - Dublin Jerome HS 12
BOTTOM OF THE 6TH
Dublin Jerome HS Celtics batting - Pitching for Newport News HS Paints : RHP Juan Gabriel
Batting: SHB Wilson Cantú 0-0: Called Strike
0-1: Foul Ball, location: 2F
0-2: Fly out, F5 (Popup, 5F)
Batting: LHB Fred Anderson 0-0: Swinging Strike
0-1: Ball
1-1: Ball
2-1: Called Strike
2-2: SINGLE (Flyball, 78S)
Batting: RHB Michael Irvin 0-0: Called Strike
0-1: Swinging Strike
0-2: Ball
1-2: Strikes out swinging
Batting: RHB Ben Griffin 0-0: Called Strike
0-1: Reached on error, E4 (Groundball, 4)
Fred Anderson to second
Batting: SHB Peter Young 0-0: Swinging Strike
0-1: Called Strike
0-2: Ball
1-2: Ground out 4-3 (Groundball, 4)
Bottom of the 6th over - 0 runs, 1 hit, 1 error, 2 left on base; Newport News HS 6 - Dublin Jerome HS 12
TOP OF THE 7TH
Newport News HS Paints batting - Pitching for Dublin Jerome HS Celtics : RHP Bill Howard
Batting: RHB Steve Cooper 0-0: Ball
1-0: Called Strike
1-1: Ball
2-1: Swinging Strike
2-2: SINGLE (Groundball, 56D)
Batting: SHB Carlos Matos 0-0: SINGLE (Line Drive, 3D)
Steve Cooper to second
Batting: LHB Juan Ángel 0-0: Called Strike
0-1: Ball
1-1: Ball
2-1: Ball
3-1: Swinging Strike
3-2: Base on Balls
Steve Cooper to third
Carlos Matos to second
Batting: RHB James Calderón 0-0: Ball
1-0: Called Strike
1-1: Ball
2-1: Ball
3-1: Base on Balls
Steve Cooper scores
Carlos Matos to third
Juan Ángel to second
Batting: RHB Lee Boswell 0-0: Called Strike
0-1: Ball
1-1: SINGLE (Groundball, 56D)
Carlos Matos scores
Juan Ángel to third
James Calderón to second
Runner from 3rd tries for Home, throw and OUT!
Pitching: RHP John Slade
Batting: SHB Francisco Reyes 0-0: Ball
1-0: Foul Ball, location: 2F
1-1: Fly out, F2 (Popup, 2LF)
Batting: RHB Jorge Paredes 0-0: Foul Ball, location: 2F
0-1: DOUBLE (Line Drive, 7LD)
James Calderón scores
Lee Boswell to third
Runner from 3rd tries for Home, SAFE, no throw
Batting: RHB John Graham 0-0: Ball
1-0: Swinging Strike
1-1: Foul Ball, location: 2F
1-2: TRIPLE (Line Drive, 8RXD)
Jorge Paredes scores
Batting: RHB Pete Clark 0-0: Ball
1-0: Called Strike
1-1: Ball
2-1: Swinging Strike
2-2: Foul Ball, location: 2F
2-2: Ball
3-2: Base on Balls
Batting: RHB Steve Cooper 0-0: Called Strike
0-1: Ball
1-1: Foul Ball, location: 2F
1-2: Ball
2-2: Foul Ball, location: 2F
2-2: Fly out, F8 (Flyball, 89D)
Top of the 7th over - 5 runs, 5 hits, 0 errors, 2 left on base; Newport News HS 11 - Dublin Jerome HS 12
BOTTOM OF THE 7TH
Dublin Jerome HS Celtics batting - Pitching for Newport News HS Paints : RHP Juan Gabriel
Pitching: LHP Jerry Garrett
Batting: LHB David O'Neal 0-0: Ball
1-0: Ball
2-0: Foul Ball, location: 2F
2-1: Swinging Strike
2-2: Ball
3-2: Foul Ball, location: 2F
3-2: Strikes out swinging
Pitching: LHP Willie White
Batting: RHB Bill Becker 0-0: Ball
1-0: Ball
2-0: Ball
3-0: Base on Balls
Batting: LHB Christian Maddox 0-0: Called Strike
0-1: Foul Ball, location: 2F
0-2: Ball
1-2: Foul Ball, location: 2F
1-2: Ball
2-2: Ball
3-2: Foul Ball, location: 2F
3-2: Base on Balls
Bill Becker to second
Batting: RHB Ed Albert 0-0: Ball
1-0: Foul Ball, location: 2F
1-1: Ball
2-1: Ball
Bill Becker steals 3rd base
3-1: 3-RUN HOME RUN (Flyball, 7D), Distance : 389 ft
Pitching: RHP Terry Moser
Batting: SHB Wilson Cantú 0-0: Ball
1-0: Foul Ball, location: 2F
1-1: Ball
2-1: Swinging Strike
2-2: Ball
3-2: Ground out 4-3 (Groundball, 34)
Batting: LHB Fred Anderson 0-0: Called Strike
0-1: Ball
1-1: Ball
2-1: Ball
3-1: Foul Ball, location: 2F
3-2: Base on Balls
Batting: RHB Michael Irvin 0-0: Ball
1-0: Foul Ball, location: 2F
1-1: Ball
2-1: Fly out, F8 (Flyball, 8LD)
Bottom of the 7th over - 3 runs, 1 hit, 0 errors, 1 left on base; Newport News HS 11 - Dublin Jerome HS 15
TOP OF THE 8TH
Newport News HS Paints batting - Pitching for Dublin Jerome HS Celtics : RHP John Slade
Batting: SHB Carlos Matos 0-0: Ball
1-0: Foul Ball, location: 2F
1-1: Foul Ball, location: 2F
1-2: SINGLE (Flyball, 9S)
Batting: LHB Juan Ángel 0-0: Ball
1-0: Ball
2-0: Called Strike
2-1: Swinging Strike
2-2: Foul Ball, location: 2F
2-2: Ball
3-2: Foul Ball, location: 2F
3-2: Foul Ball, location: 2F
3-2: Strikes out looking
Batting: RHB James Calderón 0-0: Ball
1-0: Ground out 5-3 (Groundball, 56)
Carlos Matos to second
Batting: RHB Lee Boswell 0-0: Foul Ball, location: 2F
0-1: Ball
1-1: Foul Ball, location: 2F
1-2: Ball
2-2: 2-RUN HOME RUN (Flyball, 7LD), Distance : 349 ft
Pitching: RHP Jeff Pitts
Batting: SHB Francisco Reyes 0-0: Foul Ball, location: 2F
0-1: Ball
1-1: Ball
2-1: SINGLE (Line Drive, 34)
Batting: RHB Jorge Paredes 0-0: Ball
1-0: Ball
2-0: Called Strike
2-1: Ball
3-1: Base on Balls
Francisco Reyes to second
Batting: RHB John Graham 0-0: Ball
1-0: Ball
2-0: Foul Ball, location: 2F
2-1: Ball
3-1: Foul Ball, location: 2F
3-2: Fly out, F4 (Popup, 4D)
Top of the 8th over - 2 runs, 3 hits, 0 errors, 2 left on base; Newport News HS 13 - Dublin Jerome HS 15
BOTTOM OF THE 8TH
Dublin Jerome HS Celtics batting - Pitching for Newport News HS Paints : RHP Terry Moser
Batting: RHB Ben Griffin 0-0: Ball
1-0: Ground out 4-3 (Groundball, 34)
Batting: SHB Peter Young 0-0: Ball
1-0: Called Strike
1-1: Swinging Strike
1-2: Ball
2-2: SINGLE (Line Drive, 6M)
Batting: LHB David O'Neal 0-0: Swinging Strike
0-1: Foul Ball, location: 2F
0-2: Strikes out looking
Batting: RHB Bill Becker 0-0: Ball
1-0: Called Strike
1-1: Swinging Strike
1-2: Ball
2-2: Strikes out swinging
Bottom of the 8th over - 0 runs, 1 hit, 0 errors, 1 left on base; Newport News HS 13 - Dublin Jerome HS 15
TOP OF THE 9TH
Newport News HS Paints batting - Pitching for Dublin Jerome HS Celtics : RHP Jeff Pitts
Pitching: RHP Cory Moore
Batting: RHB Pete Clark 0-0: Ball
1-0: Called Strike
1-1: Foul Ball, location: 2F
1-2: Ball
2-2: Ball
3-2: Base on Balls
Batting: RHB Steve Cooper 0-0: Swinging Strike
0-1: Ball
1-1: Foul Ball, location: 2F
1-2: Foul Ball, location: 2F
1-2: Hit by Pitch
Pete Clark to second
Batting: SHB Carlos Matos 0-0: Ball
1-0: Ground out U3 (Groundball, 34S)
Pete Clark to third
Steve Cooper to second
Batting: LHB Juan Ángel 0-0: Ball
1-0: Ball
2-0: Foul Ball, location: 2F
2-1: Ball
3-1: Base on Balls
Pinch Hitting: LHB Chris Martin 0-0: Called Strike
0-1: Foul Ball, location: 2F
0-2: Ball
1-2: Ball
2-2: Ball
3-2: Base on Balls
Pete Clark scores
Steve Cooper to third
Juan Ángel to second
Pinch Hitting: SHB Craig Young 0-0: Called Strike
0-1: Swinging Strike
0-2: Ball
1-2: Ball
2-2: Foul Ball, location: 2F
2-2: Foul Ball, location: 2F
2-2: Ball
3-2: Strikes out swinging
Batting: SHB Francisco Reyes 0-0: Called Strike
0-1: Foul Ball, location: 2F
0-2: Ground out 4-3 (Groundball, 4)
Top of the 9th over - 1 run, 0 hits, 0 errors, 3 left on base; Newport News HS 14 - Dublin Jerome HS 15
Saturday, December 16th, 2017 - OOTP Baseball 18.8 Build 76